General information
- name: rop
- type: Custom game
- host: AIRKNIGHTX
- saver: hawtstuff
map: TwistedMeadows
- players: 6
- length: 27:23
- speed: Fast
- version: 1.23 W3XP
- replay type: Public
» download(247 KB)
Players
team 1 (winner)
AIRKNIGHTX (
green | 92 APM | 2528 actions | 27:23)
6 Archmage
3 Summon Water Elemental
2 Brilliance Aura
1 Mass Teleport
5 Mountain King
3 Storm Bolt
2 Bash
3 Paladin
2 Holy Light
1 Divine Shield
» actions
| Assign group hotkey | 46 | |
| Basic commands | 57 | |
| Build / train | 92 | |
| ESC pressed | 1 | |
| Enter build submenu | 34 | |
| Enter hero's abilities submenu | 14 | |
| Give item / drop item | 4 | |
| Remove unit from queue | 1 | |
| Right click | 1275 | |
| Select / deselect | 415 | |
| Select group hotkey | 406 | |
| Use ability | 183 | |
2528 total
» units
| Peasant | 13 | |
| Footman | 11 | |
| Goblin Shredder | 1 | |
| Rifleman | 7 | |
| Spell Breaker | 1 | |
| Mortar Team | 1 | |
| Dragonhawk Rider | 1 | |
| Gryphon Rider | 3 | |
| Sorceress | 4 | |
| Forest Troll Shadow Priest | 1 | |
| Goblin Sapper | 3 | |
46 total
» upgrades
| Priest Training | 1 | |
| Animal War Training | 1 | |
| Storm Hammers | 1 | |
| Masonry | 1 | |
| Swords | 1 | |
5 total
» buildings
| Altar of Kings | 2 | |
| Farm | 13 | |
| Barracks | 1 | |
| Scout Tower | 6 | |
| Town Hall | 2 | |
| Arcane Tower | 2 | |
| Lumber Mill | 1 | |
| Guard Tower | 3 | |
| Arcane Vault | 1 | |
| Keep | 1 | |
| Blacksmith | 1 | |
| Castle | 1 | |
| Arcane Sanctum | 1 | |
| Workshop | 1 | |
| Gryphon Aviary | 1 | |
37 total
» build order
00:06 Altar of Kings
00:16 Farm
00:23 Barracks
01:13 Farm
02:09 Farm
02:52 Farm
03:38 Farm
04:21 Scout Tower
04:24 Scout Tower
05:21 Town Hall
05:26 Scout Tower
05:33 Arcane Tower
05:37 Lumber Mill
06:41 Guard Tower
06:44 Arcane Vault
06:50 Keep
06:52 Scout Tower
06:55 Farm
06:56 Farm
07:28 Guard Tower
07:29 Scout Tower
07:34 Blacksmith
07:38 Farm
08:11 Guard Tower
08:23 Farm
09:47 Castle
09:50 Arcane Sanctum
10:25 Farm
10:48 Workshop
11:57 Gryphon Aviary
13:39 Farm
16:01 Farm
18:00 Altar of Kings
18:39 Scout Tower
20:42 Arcane Tower
22:00 Town Hall
24:18 Farm
» items
| Scroll of Regeneration | 4 | |
| Scroll of Town Portal | 3 | |
| Scroll of Protection | 2 | |
| Boots of Speed | 1 | |
| Scroll of Healing | 1 | |
| Potion of Invisibility | 1 | |
| Dust of Appearance | 1 | |
| Potion of Healing | 1 | |
| Staff of Sanctuary | 1 | |
| Circlet of Nobility | 1 | |
16 total

»
TOOIMBA4THIS (
orange | 115 APM | 3144 actions | 27:23)
5 Demon Hunter
3 Mana Burn
2 Evasion
5 Naga Sea Witch
3 Forked Lightning
2 Frost Arrows
» actions
| Assign group hotkey | 35 | |
| Basic commands | 1 | |
| Build / train | 77 | |
| Enter build submenu | 21 | |
| Enter hero's abilities submenu | 10 | |
| Give item / drop item | 1 | |
| Remove unit from queue | 9 | |
| Right click | 1236 | |
| Select / deselect | 566 | |
| Select group hotkey | 1111 | |
| Use ability | 77 | |
3144 total
» units
| Wisp | 14 | |
| Huntress | 6 | |
| Dryad | 8 | |
| Druid of the Claw | 2 | |
| Hippogryph | 9 | |
39 total
» upgrades
| Druid of the Claw Training | 2 | |
| Abolish Magic | 1 | |
| Strength of the Wild | 1 | |
| Hippogryph Taming | 0 | |
| Reinforced Hides | 2 | |
6 total
» buildings
| Altar of Elders | 1 | |
| Moon Well | 5 | |
| Hunter's Hall | 1 | |
| Ancient of War | 1 | |
| Tree of Ages | 1 | |
| Ancient of Lore | 2 | |
| Ancient of Wonders | 1 | |
| Tree of Eternity | 1 | |
| Ancient of Wind | 3 | |
| Tree of Life | 2 | |
18 total
» build order
00:06 Altar of Elders
00:18 Moon Well
01:36 Hunter's Hall
01:41 Ancient of War
02:02 Moon Well
03:07 Tree of Ages
05:55 Ancient of Lore
05:59 Ancient of Lore
07:19 Moon Well
07:28 Ancient of Wonders
08:18 Tree of Eternity
08:32 Moon Well
11:23 Moon Well
16:16 Ancient of Wind
16:19 Ancient of Wind
16:24 Ancient of Wind
22:33 Tree of Life
26:24 Tree of Life
» items
| Boots of Speed | 1 | |
| Staff of Teleportation | 1 | |
| Potion of Lesser Invulnerability | 1 | |
| Scroll of Town Portal | 3 | |
| Staff of Preservation | 1 | |
| Anti-magic Potion | 1 | |
| Orb of Venom | 1 | |
9 total
team 2 (loser)

»
Rurouni.K (
yellow | 145 APM | 3962 actions | 27:23)
5 Archmage
3 Summon Water Elemental
2 Brilliance Aura
4 Mountain King
2 Storm Bolt
2 Bash
» actions
| Assign group hotkey | 66 | |
| Basic commands | 329 | |
| Build / train | 88 | |
| ESC pressed | 2 | |
| Enter build submenu | 17 | |
| Enter hero's abilities submenu | 9 | |
| Give item / drop item | 1 | |
| Right click | 1201 | |
| Select / deselect | 985 | |
| Select group hotkey | 1160 | |
| Use ability | 104 | |
3962 total
» units
| Peasant | 12 | |
| Footman | 10 | |
| Forest Troll Shadow Priest | 1 | |
| Mortar Team | 7 | |
| Flying Machine | 20 | |
50 total
» upgrades
| Gunpowder | 3 | |
| Flare | 1 | |
| Fragmentation Shards | 1 | |
| Flak Cannons | 1 | |
6 total
» buildings
| Altar of Kings | 1 | |
| Farm | 8 | |
| Barracks | 1 | |
| Scout Tower | 1 | |
| Arcane Vault | 1 | |
| Arcane Tower | 1 | |
| Keep | 1 | |
| Blacksmith | 1 | |
| Workshop | 2 | |
| Castle | 2 | |
| Town Hall | 1 | |
20 total
» build order
00:08 Altar of Kings
00:20 Farm
00:53 Farm
01:33 Barracks
03:05 Scout Tower
03:22 Arcane Vault
03:31 Farm
03:35 Arcane Tower
04:19 Keep
05:58 Blacksmith
06:18 Farm
07:19 Workshop
07:21 Workshop
07:52 Farm
08:47 Farm
09:58 Castle
09:58 Castle
10:14 Farm
16:11 Town Hall
18:16 Farm
» items
| Scroll of Regeneration | 6 | |
| Lesser Clarity Potion | 4 | |
| Potion of Mana | 1 | |
| Scroll of Town Portal | 1 | |
| Orb of Fire | 1 | |
13 total
ckb421 (
red | 91 APM | 2501 actions | 27:23)
4 Mountain King
2 Storm Bolt
2 Bash
3 Paladin
2 Holy Light
1 Devotion Aura
» actions
| Assign group hotkey | 40 | |
| Basic commands | 34 | |
| Build / train | 57 | |
| ESC pressed | 6 | |
| Enter build submenu | 21 | |
| Enter hero's abilities submenu | 7 | |
| Right click | 1457 | |
| Select / deselect | 439 | |
| Select group hotkey | 350 | |
| Use ability | 90 | |
2501 total
» units
| Peasant | 9 | |
| Footman | 12 | |
| Gryphon Rider | 16 | |
37 total
» upgrades
| Storm Hammers | 1 | |
| Animal War Training | 1 | |
| Swords | 2 | |
4 total
» buildings
| Altar of Kings | 1 | |
| Farm | 10 | |
| Barracks | 2 | |
| Scout Tower | 2 | |
| Arcane Tower | 2 | |
| Arcane Vault | 1 | |
| Keep | 1 | |
| Lumber Mill | 1 | |
| Blacksmith | 1 | |
| Castle | 1 | |
| Gryphon Aviary | 2 | |
24 total
» build order
00:07 Altar of Kings
00:11 Farm
00:32 Barracks
01:06 Scout Tower
01:27 Farm
01:51 Arcane Tower
01:59 Scout Tower
02:29 Arcane Vault
02:37 Arcane Tower
03:08 Barracks
03:18 Farm
04:15 Keep
04:33 Lumber Mill
05:27 Farm
06:03 Farm
06:16 Blacksmith
06:39 Castle
07:44 Gryphon Aviary
07:49 Gryphon Aviary
08:10 Farm
08:40 Farm
10:35 Farm
12:24 Farm
12:26 Farm
» items
| Scroll of Regeneration | 1 | |
| Mechanical Critter | 1 | |
| Lesser Clarity Potion | 1 | |
3 total
observershawtstuff,
ORC.RaGE- Chat log
(00:15 / Observers) ORC.RaGE-: lol
(00:39 / Observers) ORC.RaGE-: who is tooimba4this?
(01:17 / Observers) ORC.RaGE-: noob
(01:19 / Observers) hawtstuff: dunno
(01:33 / Observers) ORC.RaGE-: wtf is goin on here
(01:40 / Observers) hawtstuff: lol
(01:42 / Observers) ORC.RaGE-: awful
(02:03 / Observers) ORC.RaGE-: worse milita creepin build ive ever seen
(02:38 / Observers) ORC.RaGE-: this clan battle?
(02:50 / All) Rurouni.K: this is so gg
(02:50 / Observers) ORC.RaGE-: rofl
(03:22 / Observers) ORC.RaGE-: creep won
(03:23 / Observers) ORC.RaGE-: lol
(03:31 / All) TOOIMBA4THIS: lol
(06:56 / All) TOOIMBA4THIS: wtf
(06:57 / All) TOOIMBA4THIS: lol
(06:59 / All) TOOIMBA4THIS: wrong skill
(07:09 / All) TOOIMBA4THIS: what luck lol
(07:12 / All) TOOIMBA4THIS: i type and i run into you
(20:42 / All) ckb421: FUCK
(20:44 / All) ckb421: gg
(21:36 / All) ckb421: raped by hippos...
(25:24 / All) TOOIMBA4THIS: lol
(25:29 / All) ckb421: gg T_T
(25:36 / All) AIRKNIGHTX: gg xD
(25:39 / All) Rurouni.K: BG
(25:45 / All) ckb421: our plan was to go mass tier 1 foots xD
(25:52 / All) ckb421: but then from there... somethinwent wrong rofl
(25:53 / All) AIRKNIGHTX: XD